 Dungeon Crawl Stone Soup version 0.18-a0-1350-g404b4cb (webtiles) character file.

65 M4edhros the Insei (level 4, 0/31 HPs)
             Began as an Octopode Monk on Feb 18, 2016.
             Slain by an orc
             ... wielding a +0 mace
              (1 damage)
             ... on level 4 of the Dungeon.
             The game lasted 00:03:31 (930 turns).

M4edhros the Insei (Octopode Monk)                   Turns: 930, Time: 00:03:31

Health: 0/31       AC:  1    Str: 10    XL:     4   Next: 14%
Magic:  4/4        EV: 13    Int: 12    God:
Gold:   77         SH:  0    Dex: 15    Spells: 0 memorised, 3 levels left

rFire  . . .     SeeInvis .       - Unarmed
rCold  . . .     Gourm    .     (no shield)
rNeg   . . .     Faith    .     (helmet restricted)
rPois  .         Spirit   .     (no amulet)
rElec  .         Dismiss  .     (no ring)
rCorr  .         Reflect  .     (no ring)
SustAt .         Harm     .     (no ring)
MR     .....                    (no ring)
Stlth  +++.......               (no ring)
                                (no ring)
                                (no ring)
                                (no ring)

@: not resistant to hostile enchantments, fairly stealthy
A: almost no armour, amphibious, 8 rings, constrict 8, camouflage 1, gelatinous
body 1
a: no special abilities


You were on level 4 of the Dungeon.
You were not hungry.

You visited 1 branch of the dungeon, and saw 4 of its levels.

You collected 77 gold pieces.

Inventory:

Missiles
 h - 42 stones (quivered)
Scrolls
 b - a scroll of remove curse {unknown}
 e - a scroll of noise {unknown}
 i - 3 scrolls of magic mapping
 j - 2 scrolls of teleportation
 m - 2 scrolls of immolation
 p - a scroll of fear
Potions
 c - a potion of brilliance {unknown}
 d - a potion of cure mutation
 g - a potion of haste
 k - a potion of heal wounds
 l - a potion of curing {unknown}
 n - a potion of beneficial mutation {unknown}
 o - 2 potions of lignification {unknown}
Comestibles
 a - 5 bread rations


   Skills:
 - Level 3.0 Fighting
 - Level 3.0 Dodging
 - Level 2.6 Stealth
 + Level 5.5 Unarmed Combat


You had 3 spell levels left.
You didn't know any spells.

Dungeon Overview and Level Annotations

Branches:
Dungeon (4/15)
 Temple: D:4-7

Altars:
Pakellas


Innate Abilities, Weirdness & Mutations

You cannot wear most types of armour.
You are amphibious.
You can wear up to eight rings at the same time.
You can use your tentacles to constrict eight enemies at once.
Your skin changes colour to match your surroundings (Stealth).
Your rubbery body absorbs attacks (AC +1).


Message History

You tentacle-slap the orc but do no damage.
The orc is lightly wounded.
You constrict the orc, but do no damage.
The orc hits you with a mace.
* * * LOW HITPOINT WARNING * * *
You tentacle-slap the orc but do no damage.
You squeeze the orc, but do no damage.
The orc is lightly wounded.
You constrict the orc. The orc closely misses you.
You tentacle-slap the orc but do no damage.
The orc is heavily wounded.
You constrict the orc. The orc hits you with a mace.
* * * LOW HITPOINT WARNING * * *
You tentacle-slap the orc but do no damage.
The orc is severely wounded.
You constrict the orc, but do no damage.
You tentacle-slap the orc but do no damage.
The orc is severely wounded.
You constrict the orc. The orc hits you with a mace.
You die...

#...........####...#
#............# #.......
#............# ##.......
##......###...###.......#
#......# #............#
#..#...# #............
#..#...# #............
#..#...## ##...........
#.......####...@.......#
#....#..........o......#
#...###......>..########
#...# ###.....### ...##
####### ...


You could see an orc.

Vanquished Creatures
  An adder (D:3)
  An ooze (D:2)
  A giant gecko (D:1)
  2 ball pythons
  3 giant cockroaches
  7 goblins
  3 hobgoblins
  12 jackals
  A quokka (D:3)
  6 bats
  2 giant newts
  2 kobolds
  2 rats
43 creatures vanquished.

Notes
Turn   | Place    | Note
--------------------------------------------------------------
     0 | D:1      | M4edhros the Octopode Monk began the quest for the Orb.
     0 | D:1      | Reached XP level 1. HP: 16/16 MP: 1/1
   105 | D:1      | Reached XP level 2. HP: 15/21 MP: 2/2
   293 | D:2      | Reached XP level 3. HP: 24/26 MP: 3/3
   403 | D:2      | Reached skill level 5 in Unarmed Combat
   619 | D:3      | Found an oddly glowing altar of Pakellas.
   800 | D:3      | Reached XP level 4. HP: 19/31 MP: 4/4
   887 | D:4      | Noticed a phantom
   928 | D:4      | HP: 1/31 [orc/mace (3)]
   930 | D:4      | Slain by an orc

Vault maps used:
D:1:      matt_arrival_refuge
D:3:      first_bread, supply_closet_lemuel, grunt_pakellas_sulfur
D:4:      grunt_temple_overflow_open, uniq_crazy_yiuf_cottage, uniq_sigmund

Action                   |  1- 3 |  4- 6 || total
-------------------------+-------+-------++-------
Melee: Unarmed           |    90 |     9 ||    99
Throw: Stone             |     1 |       ||     1
  Use: Scroll            |       |     4 ||     4
       Potion            |       |     3 ||     3
 Stab: Sleeping          |     5 |     2 ||     7
